 Dungeon Crawl Stone Soup version 0.18-a0-1027-g814d7dd (webtiles) character file.

207 Ijustatesigmund the Cudgeler (level 5, -1/42 HPs)
             Began as a Demonspawn Abyssal Knight on Jan 8, 2016.
             Was a Priest of Lugonu.
             Slain by a hippogriff (4 damage)
             ... on level 3 of the Dungeon.
             The game lasted 00:07:18 (2682 turns).

Ijustatesigmund the Cudgeler (DsAK)                 Turns: 2682, Time: 00:07:18

Health: -1/42      AC:  8    Str: 12    XL:     5   Next: 54%
Magic:  4/8        EV: 10    Int: 13    God:    Lugonu [***...]
Gold:   189        SH:  2    Dex: 14    Spells: 0 memorised, 4 levels left

rFire  . . .     SeeInvis +     a - +1 mace
rCold  . . .     Gourm    .     g - +1 ring mail
rNeg   . . .     Faith    .     (no shield)
rPois  .         Spirit   .     (no helmet)
rElec  .         Dismiss  .     (no cloak)
rCorr  .         Reflect  .     (no gloves)
SustAt .         Harm     .     (no boots)
MR     .....                    (no amulet)
Stlth  ..........               (no ring)
                                e - ring of see invisible

@: not resistant to hostile enchantments, extremely unstealthy
A: hooves 1, large bone plates 1
a: Depart the Abyss, Bend Space, Banish, Renounce Religion


You were on level 3 of the Dungeon.
You worshipped Lugonu.
Lugonu was most pleased with you.
You were very hungry.

You visited 1 branch of the dungeon, and saw 3 of its levels.
You visited the Abyss 1 time.

You collected 189 gold pieces.

Inventory:

Hand Weapons
 a - a +1 mace (weapon)
Missiles
 f - 5 tomahawks (quivered)
Armour
 g - a +1 ring mail (worn)
Jewellery
 e - a ring of see invisible (left hand)
Scrolls
 d - 2 scrolls of amnesia
 i - 2 scrolls of identify
Potions
 b - a potion of resistance
 l - a potion of flight
Comestibles
 c - 4 bread rations
 h - 2 meat rations


   Skills:
 + Level 4.0 Fighting
 * Level 4.1 Maces & Flails
 - Level 1.7 Armour
 - Level 0.8 Dodging
 + Level 4.0 Invocations


You had 4 spell levels left.
You didn't know any spells.

Dungeon Overview and Level Annotations

Branches:
Dungeon (3/15)

Altars:
Ashenzari


Innate Abilities, Weirdness & Mutations

You have large cloven feet.
You are partially covered in large bone plates (AC +2, SH +2).


Message History

You kick the hippogriff, but do no damage.
The hippogriff is moderately wounded.
The hippogriff bites you but does no damage.
The hippogriff pecks you but does no damage.
The hippogriff claws you but does no damage.
Drink which item? (? for menu, Esc to quit)
Okay, then.
Press: ? - help, Shift-Dir - straight line, f - hippogriff
Aim: a hippogriff (moderately wounded, chance to defeat MR: 71%)
The hippogriff struggles to resist.
You are feeling very hungry.
You block the hippogriff's attack.
The hippogriff pecks you but does no damage.
The hippogriff barely misses you.
Press: ? - help, Shift-Dir - straight line, f/p - hippogriff
Aim: a hippogriff (moderately wounded, chance to defeat MR: 71%)
You fail to use your ability.
The hippogriff bites you.
* * * LOW HITPOINT WARNING * * *
The hippogriff pecks you.
You die...

#.# #.# #.## #.# ## #..#
#.# .# ##.###.# .#
#..##.# ### .#
###.##.####.# ##
#####...........#########
#......................<#
#.####...#.#@.#.#########
#.# #.#.#.#H.#.# #.#
#.#...#..#.# #.#
#.##..#..#.#
#.####).......#.#
#.#...))......#..
#.#.#####..####.# #.#.#
##......≈ #.#.# #####≈


You could see a hippogriff.

Vanquished Creatures
  2 orc priests (D:3)
  Ijyb (D:1)
  4 adders
  5 giant geckos
  8 orcs (D:3)
  3 giant cockroaches
  2 goblins
  9 hobgoblins
  12 jackals
  A ball python (D:1)
  7 bats
  5 giant newts
  7 kobolds
  9 rats
75 creatures vanquished.

Notes
Turn   | Place    | Note
--------------------------------------------------------------
     0 | Abyss:1  | Ijustatesigmund the Demonspawn Abyssal Knight began the quest for the Orb.
     0 | Abyss:1  | Reached XP level 1. HP: 18/18 MP: 2/2
     0 | Abyss:1  | Noticed a wind drake
     9 | Abyss:1  | Noticed a wind drake
    14 | D:1      | Escaped the Abyss
   227 | D:1      | Gained mutation: You are partially covered in large bone plates (AC +2, SH +2). [demonic ancestry]
   227 | D:1      | Reached XP level 2. HP: 22/24 MP: 3/3
   346 | D:1      | Reached ** piety under Lugonu
   717 | D:2      | Noticed Ijyb
   739 | D:1      | Killed Ijyb
   739 | D:1      | Reached XP level 3. HP: 18/29 MP: 3/5
   950 | D:2      | Found a shattered altar of Ashenzari.
  1017 | D:2      | Gained mutation: You have large cloven feet. [demonic ancestry]
  1017 | D:2      | Reached XP level 4. HP: 33/35 MP: 6/6
  1516 | D:3      | Reached XP level 5. HP: 17/42 MP: 7/7
  2142 | D:3      | Reached *** piety under Lugonu
  2249 | D:3      | Reached skill level 4 in Maces & Flails
  2669 | D:3      | Noticed a hippogriff
  2682 | D:3      | Slain by a hippogriff

Vault maps used:
D:1:      dpeg_arrival_three_bigger_balls
D:2:      lemuel_coloured_pillars_altar, uniq_iyjb
D:3:      kennysheep_goblin_castle, lemuel_round_altar, grunt_ministairs_6
Abyss:1:  evilmike_abyss_exit_8

Action                   |  1- 3 |  4- 6 || total
-------------------------+-------+-------++-------
Melee: Mace              |   128 |   178 ||   306
Invok: Banish            |       |     1 ||     1
  Use: Scroll            |     3 |     2 ||     5
       Potion            |       |     1 ||     1
  Eat: Chunk             |       |     4 ||     4
       Beef jerky        |       |     1 ||     1
